 Dungeon Crawl Stone Soup version 0.30.1-4-g462c640d31 (webtiles) character file.

Game seed: 7496083487592277787

389 CommanderCrumbcake the Sneak (level 6, -7/51 HPs)
             Began as a Draconian Brigand on Aug 14, 2023.
             Mangled by a gnoll
             ... wielding a +0 flail
             ... led by a gnoll bouda
              (9 damage)
             ... on level 5 of the Dungeon.
             The game lasted 00:06:53 (1498 turns).

CommanderCrumbcake the Sneak (Draconian Brigand)    Turns: 1498, Time: 00:06:54

Health: -7/51      AC: 10    Str: 15    XL:     6   Next: 50%
Magic:  8/8        EV: 12    Int: 13    God:
Gold:   92         SH:  4    Dex: 13    Spells: 8/8 levels left

rFire   x . .        l - +3 whip "Seataph" {freeze, rC+}
rCold   + + +        e - +0 buckler
rNeg    . . .        (body armour unavailable)
rPois   +            (helmet restricted)
rElec   .            b - +0 cloak
rCorr   .            f - +2 pair of gloves of Cusmial {rPois Str+2}
SInv    .            (no boots)
Will    .....        (no amulet)
Stlth   +++          h - ring of ice
HPRegen 0.28/turn    j - ring of protection from cold
MPRegen 0.11/turn

%: no passive effects
@: hasted, very quick
A: AC +6, unfitting armour, cold-blooded
a: no special abilities


You were on level 5 of the Dungeon.
You visited 1 branch of the dungeon, and saw 5 of its levels.

You collected 92 gold pieces.

Inventory:

Hand Weapons
 a - a +3 dagger
 k - a +0 dagger of electrocution
 l - the +3 whip "Seataph" (weapon) {freeze, rC+}
   (You found it on level 3 of the Dungeon)

   rC:        It protects you from cold.
Missiles
 c - 19 poisoned darts (quivered)
 d - 2 curare-tipped darts
 s - 3 datura-tipped darts
Armour
 b - a +0 cloak (worn)
 e - a +0 buckler (worn)
 f - the +2 pair of gloves of Cusmial (worn) {rPois Str+2}
   (You found it on level 3 of the Dungeon)

   Str:       It affects your strength (+2).
   rPois:     It protects you from poison.
Jewellery
 h - a ring of ice (left hand)
 j - a ring of protection from cold (right hand)
Scrolls
 i - 2 scrolls of fog
 m - a scroll of teleportation {unknown}
Potions
 o - a potion of resistance
 p - a potion of heal wounds {unknown}
 q - a potion of flight {unknown}
 r - a potion of curing {unknown}


   Skills:
 * Level 3.1 Fighting
 * Level 3.0 Short Blades
 * Level 1.9 Maces & Flails
 * Level 2.5 Throwing
 * Level 2.2 Dodging
 * Level 5.0 Stealth
 * Level 1.3 Shields
 * Level 1.6 Spellcasting


You had 8 spell levels left.
You didn't know any spells.
Your spell library contained the following spells:

 Spells                   Type           Power      Damage    Failure   Level
 Stone Arrow              Conj/Erth      2%         3d7       71%         3
 Lehudib's Crystal Spear  Conj/Erth      0%         10d2      100%        8
 Animate Armour           Summ/Erth      Unusable   N/A       N/A         4

Dungeon Overview and Level Annotations

Branches:
Dungeon (5/15)
 Temple: D:4-7

Altars:

Shops:
D:2 :


Innate Abilities, Weirdness & Mutations

Your plain brown scales are hard. (AC +6)
You cannot fit into any form of body armour.
You are cold-blooded and may be slowed by cold attacks.


Message History

Your attacks no longer feel as feeble.
You block the gnoll's attack.
Things that are here:
a +0 heavy spear; a gnoll corpse You closely miss the gnoll.
Your tail-slap misses the gnoll.
The gnoll hits you with a +0 flail. The gnoll bouda misses you.
You barely miss the gnoll. The gnoll barely misses you.
The gnoll bouda gazes fiercely through you!
You feel your attacks grow feeble.
The gnoll bouda hits you with a +0 club.
You completely miss the gnoll. The gnoll barely misses you.
The gnoll bouda hits you with a +0 club.
You hit the gnoll but do no damage. The gnoll closely misses you.
The gnoll bouda hits you with a +0 club.
You hit the gnoll. You freeze the gnoll. You tail-slap the gnoll.
The gnoll is heavily wounded.
The gnoll hits you but does no damage.
The gnoll bouda hits you but does no damage.
You hit the gnoll. You freeze the gnoll.
Your tail-slap misses the gnoll.
The gnoll is severely wounded.
The gnoll hits you with a +0 flail!
* * * LOW HITPOINT WARNING * * *
The gnoll bouda hits you with a +0 club.
* * * LOW HITPOINT WARNING * * *
You hit the gnoll. You freeze the gnoll.
The gnoll is almost dead.
The gnoll misses you.
The gnoll bouda hits you with a +0 club.
* * * LOW HITPOINT WARNING * * *
Unknown command.
You barely miss the gnoll.
The gnoll is almost dead.
Your attacks no longer feel as feeble.
The gnoll hits you with a +0 flail.
* * * LOW HITPOINT WARNING * * *
The gnoll bouda hits you but does no damage.
Unknown command.
You feel yourself speed up.
The gnoll is no longer moving quickly.
The gnoll hits you with a +0 flail!
You die...

#...#...##......##.###
##..#...#............##
#...#...)....(#.......#.
#.............#...$.....
#.......#...............
##.#........)...........
###...##....).........#
##<.......g.........#
#....##.@g.........# #...
##....###...........##....
##....###...#..............
##...#..<##.###.(........##.
#....##...#.#........#......
##...#...#..#........#......
##..#...###...........#..[..
#.....### ###...............
##...## #.........##......


You could see a gnoll bouda and a gnoll.

Vanquished Creatures
  Menkaure (D:5)
  An ogre (D:3)
  Blork the orc (D:5)
  A hound (D:4)
  2 adders (D:2)
  3 gnolls (D:5)
  An ufetubus (D:5)
  2 worms (D:3)
  A dart slug (D:1)
  An orc (D:3)
  A bat (D:2)
  2 endoplasms
  A giant cockroach (D:2)
  12 goblins
  3 kobolds
  A ball python (D:1)
  3 frilled lizards
  3 rats
40 creatures vanquished.

Notes
Turn   | Place    | Note
-------+----------+-------------------------------------------
     0 | D:1      | CommanderCrumbcake the Draconian Brigand began the quest
                  | for the Orb.
     0 | D:1      | Reached XP level 1. HP: 17/17 MP: 1/1
   239 | D:1      | Reached skill level 1 in Dodging
   327 | D:1      | Reached XP level 2. HP: 23/24 MP: 2/2
   369 | D:2      | Reached skill level 4 in Stealth
   475 | D:2      | Found Ufimnug's Book Emporium.
   656 | D:2      | Reached XP level 3. HP: 13/30 MP: 3/3
   742 | D:3      | Noticed an ogre
   868 | D:3      | Identified the +3 whip "Seataph" {freeze, rC+}
   900 | D:3      | HP: 1/30 [ogre/+0 giant spiked club (19)]
   923 | D:3      | Killed an ogre
   924 | D:3      | Reached skill level 1 in Spellcasting
   924 | D:3      | Reached XP level 4. HP: 6/37 MP: 5/5
   931 | D:3      | Reached XP level 5. HP: 9/42 MP: 6/6
   967 | D:3      | Identified the +2 pair of gloves of Cusmial {rPois Str+2}
  1163 | D:5      | Entered Level 5 of the Dungeon
  1184 | D:5      | Noticed Menkaure
  1207 | D:5      | Killed Menkaure
  1208 | D:5      | Reached skill level 1 in Maces & Flails
  1208 | D:5      | Reached skill level 1 in Shields
  1208 | D:5      | Reached XP level 6. HP: 29/51 MP: 6/8
  1302 | D:5      | Noticed Blork the orc
  1393 | D:5      | Killed Blork the orc
  1489 | D:5      | Reached skill level 5 in Stealth
  1497 | D:5      | HP: 1/51 [gnoll/+0 flail[a gnoll bouda] (6)]
  1498 | D:5      | Mangled by a gnoll

Illustrated notes

Levels and vault maps discovered:
D:1:      evilmike_arrival_plus, layout_loops_cross, serial_glass,
          glass_columns_c, glass_columns_a, chequers_serial_rivers_small_a,
          hangedman_glass_teeth
D:2:      layout_rooms, serial_shops, nicolae_book_shop_shelving
D:3:      layout_basic, chequers_serial_rivers_small_b, minmay_misc_feat_doors,
          amethyst_killhole, chequers_serial_rivers_small_b,
          minmay_ogre_servants, uniq_jessica
D:4:      layout_basic
D:5:      layout_cave_pools, nicolae_overflow_crystal_walls, grunt_ministairs_7,
          uniq_menkaure, uniq_blork_the_orc, uniq_sigmund

Skill      XL: |  1  2  3  4  5  6 |
---------------+-------------------+-----
Dodging        | 1 2 |  2.2
Stealth        | 4 5 |  5.0
Throwing       | 2 |  2.5
Spellcasting   | 1 |  1.6
Fighting       | 3 |  3.1
Maces & Flails | 1 |  1.9
Shields        | 1 |  1.3
Short Blades   | 3 |  3.0

Action                     |  1- 3 |  4- 6 || total
---------------------------+-------+-------++-------
  Melee: Dagger            |    60 |       ||    60
         Tailslap          |     8 |     7 ||    15
         Whip              |    12 |    47 ||    59
  Throw: Dart              |    10 |       ||    10
         Boomerang         |     4 |       ||     4
         Throwing net      |       |     2 ||     2
    Use: Scroll            |     3 |       ||     3
         Potion            |     2 |     1 ||     3
   Stab: Sleeping          |     2 |     1 ||     3
         Held in net/web   |       |     2 ||     2
 Armour: Skin              |    26 |    18 ||    44
  Dodge: Dodged            |    33 |    34 ||    67
  Block: Buckler           |     5 |     8 ||    13
